 Dungeon Crawl Stone Soup version 0.31-a0-431-g88bdf31460 (webtiles) character file.

Game seed: 11586848358613893956

1039 randomguy2701 the Slasher (level 8, -1/69 HPs)
             Began as a Minotaur Fighter on July 31, 2023.
             Slain by Duvessa
             ... wielding a +0 short sword
              (8 damage)
             ... on level 5 of the Dungeon.
             The game lasted 00:03:56 (3929 turns).

randomguy2701 the Slasher (Minotaur Fighter)        Turns: 3929, Time: 00:03:57

Health: -1/69      AC:  9    Str: 20    XL:     8   Next: 4%
Magic:  0/7        EV: 10    Int:  5    God:
Gold:   172        SH:  5    Dex: 13    Spells: 7/7 levels left

rFire   . . .        a - +0 long sword
rCold   . . .        c - +0 buckler
rNeg    . . .        b - +0 scale mail
rPois   .            (helmet restricted)
rElec   .            (no cloak)
rCorr   .            (no gloves)
SInv    +            u - +0 pair of boots
Will    .....        j - amulet of guardian spirit Stlth
                     o - ring "Ziusoiwa" {Wiz Drain +Blink Slay+3}
HPRegen 0.31/turn    k - ring of see invisible
MPRegen 0.10/turn

%: guardian spirit, wizardry (x1)
@: no status effects
A: horns 2, retaliatory headbutt
a: Evoke Blink


You were on level 5 of the Dungeon.
You visited 1 branch of the dungeon, and saw 5 of its levels.

You collected 192 gold pieces.
You spent 20 gold pieces at shops.

Inventory:

Hand Weapons
 a - a +0 long sword (weapon)
Armour
 b - a +0 scale mail (worn)
 c - a +0 buckler (worn)
 u - a +0 pair of boots (worn)
Jewellery
 j - an amulet of guardian spirit (around neck)
 k - a ring of see invisible (right hand)
 o - the ring "Ziusoiwa" (left hand) {Wiz Drain +Blink Slay+3}
   (You found it on level 2 of the Dungeon)

   [ring of wizardry]

   It improves your spell success rate.
   Slay:      It affects your accuracy & damage with ranged weapons and melee
   (+3).
   +Blink:    It lets you blink.
   Drain:     It drains your maximum health when unequipped.
 C - an amulet of the acrobat
Wands
 B - a wand of flame (12)
Scrolls
 e - 4 scrolls of teleportation {unknown}
 g - 2 scrolls of immolation {unknown}
 h - a scroll of revelation {unknown}
 i - 4 scrolls of identify
 p - a scroll of enchant armour {unknown}
 q - a scroll of poison {unknown}
 s - a scroll of noise {unknown}
 t - a scroll of fear {unknown}
 w - a scroll of blinking {unknown}
 y - a scroll of vulnerability {unknown}
Potions
 d - a potion of might
 f - 3 potions of heal wounds
 l - 3 potions of curing
 m - a potion of cancellation {unknown}
 n - a potion of degeneration {unknown}
 r - 2 potions of attraction {unknown}
 v - a potion of enlightenment {unknown}
 x - a potion of brilliance {unknown}
 z - a potion of berserk rage {unknown}
 A - a potion of ambrosia {unknown}


   Skills:
 + Level 5.6 Fighting
 + Level 7.7 Long Blades
 + Level 6.7 Armour
 + Level 2.8 Dodging
 + Level 0.4 Stealth
 + Level 4.5 Shields


You had 7 spell levels left.
You didn't know any spells.
Your spell library contained the following spells:

 Spells                   Type           Power      Damage    Failure   Level
 Cigotuvi's Dreadful Rot  Necr/Pois/Air  0%         N/A       67%         2
 Ignite Poison            Fire/Tmut/Pois 0%         N/A       87%         3
 Animate Armour           Summ/Erth      0%         N/A       99%         4
 Summon Lightning Spire   Summ/Air       0%         N/A       99%         4
 Freezing Cloud           Conj/Ice/Air   0%         6-21      100%        5
 Lee's Rapid Deconstruct  Erth           0%         3d4*      100%        5


Dungeon Overview and Level Annotations

Branches:
Dungeon (5/15)             Temple (0/1) D:5

Altars:
Dithmenos
Elyvilon
Fedhas
Gozag
Kikubaaqudgha
Nemelex Xobeh
Qazlal
Trog

Shops:
D:3 ?

Annotations:
D:5 Duvessa


Innate Abilities, Weirdness & Mutations

You have a pair of horns on your head.
You reflexively headbutt those who attack you in melee.


Message History

You hit Duvessa.
Duvessa is lightly wounded.
Duvessa closely misses you.
You barely miss Duvessa.
Duvessa is lightly wounded.
Duvessa barely misses you. Duvessa hits you but does no damage.
You hit Duvessa but do no damage.
Duvessa is lightly wounded.
You block Duvessa's attack.
You closely miss Duvessa.
Duvessa is lightly wounded.
Duvessa misses you. Duvessa barely misses you.
You barely miss Duvessa. Your headbutt misses Duvessa.
Duvessa is lightly wounded.
You block Duvessa's attack. Duvessa completely misses you.
You hit Duvessa but do no damage. You headbutt Duvessa.
Duvessa is lightly wounded.
Duvessa hits you with a +0 short sword!
You hit Duvessa but do no damage. You headbutt Duvessa!
Duvessa is moderately wounded.
You block Duvessa's attack. Duvessa misses you.
You hit Duvessa but do no damage. You headbutt Duvessa.
Duvessa is moderately wounded.
Duvessa hits you with a +0 short sword!
You slash Duvessa!
Duvessa is heavily wounded.
Duvessa hits you with a +0 short sword. Duvessa misses you.
You hit Duvessa.
Duvessa is heavily wounded.
Duvessa hits you with a +0 short sword!
You hit Duvessa but do no damage.
Duvessa is heavily wounded.
Duvessa hits you but does no damage. Duvessa hits you with a +0 short sword!
* * * LOW HITPOINT WARNING * * *
You hit Duvessa but do no damage.
Duvessa is heavily wounded.
Duvessa hits you with a +0 short sword!
* * * LOW HITPOINT WARNING * * *
Duvessa hits you with a +0 short sword!
You die...

####.............#..#.....##.#
#....####....##.##.##.....##.#
#.##.# #...#####.##########.#
#.##.# #....###..# #######.#
#.##.######+......# #.......#
..............##..####.......#
####...##.....###....+.......#
#.)'....).....'....###.......####
#.##...##.....##@..# #.........
#.##...##.....+..e.#####.....###.
#.##...##.....##.............# #.
#.##...##.#.####.....###....## #.
#.#######.### #.....# #....# #.
#.........# #.....# #....# #.
########### ##.....###....####.
#......'...........
#......##...^..(...


You could see Duvessa (berserk).

Vanquished Creatures
  Sigmund (D:5)
  Eustachio (D:5)
  An ice beast (D:5)
  A phantom (D:3)
  A kobold brigand (D:4)
  Dowan (D:5)
  4 hounds
  A jelly (D:5)
  7 iguanas
  4 adders
  A shadow imp (D:5)
  2 ufetubi (D:5)
  A worm (D:2)
  5 dart slugs
  4 orcs
  A bat (D:2)
  2 endoplasms
  2 giant cockroaches
  3 goblins (D:2)
  7 hobgoblins
  5 jackals
  7 quokkas
  5 ball pythons
  2 frilled lizards (D:2)
  5 kobolds
  5 rats
79 creatures vanquished.

Notes
Turn   | Place    | Note
-------+----------+-------------------------------------------
     0 | D:1      | randomguy2701 the Minotaur Fighter began the quest for the
                  | Orb.
     0 | D:1      | Reached XP level 1. HP: 19/19 MP: 0/0
   221 | D:1      | Reached XP level 2. HP: 27/27 MP: 1/1
   740 | D:2      | Identified the +1 whip of Honour {venom, rPois rN+}
   749 | D:2      | Reached XP level 3. HP: 32/33 MP: 2/2
   848 | D:2      | Reached skill level 3 in Long Blades
   883 | D:2      | Found an opulent altar of Gozag.
  1103 | D:2      | Identified the ring "Ziusoiwa" {Wiz Drain +Blink Slay+3}
  1432 | D:3      | Found Ystymp's Magic Scroll Shop.
  1448 | D:3      | Bought a scroll of identify for 20 gold pieces
  1502 | D:3      | Noticed a phantom
  1514 | D:3      | Killed a phantom
  1515 | D:3      | Reached skill level 4 in Long Blades
  1515 | D:3      | Reached skill level 1 in Dodging
  1515 | D:3      | Reached XP level 4. HP: 25/41 MP: 0/3
  1839 | D:3      | Reached XP level 5. HP: 47/47 MP: 4/4
  2303 | D:4      | Found a blossoming altar of Fedhas.
  2443 | D:4      | Reached skill level 5 in Armour
  2453 | D:4      | Found a stormy altar of Qazlal.
  2469 | D:4      | Reached XP level 6. HP: 43/55 MP: 2/5
  2472 | D:4      | Reached skill level 5 in Long Blades
  2717 | D:4      | Found a white marble altar of Elyvilon.
  2719 | D:4      | Found a sparkling altar of Nemelex Xobeh.
  3002 | D:4      | Found an ancient bone altar of Kikubaaqudgha.
  3002 | D:4      | Found a shadowy altar of Dithmenos.
  3083 | D:5      | Entered Level 5 of the Dungeon
  3204 | D:5      | Noticed an ice beast
  3210 | D:5      | Killed an ice beast
  3211 | D:5      | Reached skill level 5 in Fighting
  3212 | D:5      | Reached XP level 7. HP: 31/61 MP: 2/6
  3385 | D:5      | Reached skill level 6 in Long Blades
  3446 | D:5      | Identified the +2 leather armour "Musu" {rPois Stlth+}
  3576 | D:5      | Noticed Eustachio
  3577 | D:5      | Found a bloodstained altar of Trog.
  3589 | D:5      | Killed Eustachio
  3655 | D:5      | Noticed Dowan
  3661 | D:5      | Killed Dowan
  3662 | D:5      | Reached skill level 7 in Long Blades
  3720 | D:5      | Found a staircase to the Ecumenical Temple.
  3832 | D:5      | Noticed Sigmund
  3845 | D:5      | Killed Sigmund
  3846 | D:5      | Reached XP level 8. HP: 54/69 MP: 5/7
  3915 | D:5      | Noticed Duvessa
  3929 | D:5      | Slain by Duvessa

Illustrated notes

Levels and vault maps discovered:
D:1:      roderic_dead_forest, layout_basic
D:2:      minmay_wonky_spiral, layout_basic, basic_altar
D:3:      layout_basic, serial_shops, shop, grunt_decor_cap
D:4:      layout_loops_cross, overflow_temple_1_default,
          nicolae_qazlal_general_emergency, nicolae_overflow_squiral,
          amethyst_overflow_temple_binary
D:5:      layout_basic, trog_three_pillars_becter, minmay_temple_entry_wispy,
          uniq_eustachio, uniq_duvessa, uniq_sigmund

Skill      XL: |  1  2  3  4  5  6  7 |
---------------+----------------------+-----
Shields        | 4 |  4.5
Fighting       | 4 5 |  5.6
Armour         | 4 5 6 |  6.7
Long Blades    | 4 5 7 |  7.7
Dodging        | 1 2 |  2.8
Stealth        | |  0.4

Action                     |  1- 3 |  4- 6 |  7- 9 || total
---------------------------+-------+-------+-------++-------
  Melee: Long sword        |   109 |    74 |    51 ||   234
         Headbutt          |    12 |    17 |    14 ||    43
    Use: Scroll            |     2 |       |       ||     2
 Armour: Scale mail        |    39 |    25 |    11 ||    75
  Dodge: Dodged            |    45 |    46 |    21 ||   112
  Block: Buckler           |    21 |    23 |     8 ||    52

Table legend: (Time is in decaauts)
 A = Elapsed time spent in this place.
 B = Non-inter-level travel time spent in this place.
 C = Inter-level travel time spent in this place.
 D = Time resting spent in this place.
 E = Time spent auto-exploring this place.
 F = Levels seen in this place.
 G = Mean time per level.
                   A        B        C        D        E       F      G
               +--------+--------+--------+--------+--------+-----+--------+
         Total |   3978 |   3817 |    161 |      0 |   3251 |   5 |  795.6 |
       Dungeon |   3978 |   3817 |    161 |      0 |   3251 |   5 |  795.6 |
               +--------+--------+--------+--------+--------+-----+--------+

Top non-repeatable levels by time:
     D:4: 1030 daAuts
     D:5: 852 daAuts
     D:3: 743 daAuts
     D:2: 715 daAuts
     D:1: 637 daAuts
